 Dungeon Crawl Stone Soup version 0.29.1-15-g9cfb28693d (webtiles) character file.

Game seed: 13755266183032475614

44 hikkokomori the Shooter (level 3, 0/29 HPs)
             Began as a Barachi Hunter on Mar 12, 2023.
             Slain by Robin
             ... wielding a +0 mace
              (5 damage)
             ... on level 1 of the Dungeon.
             The game lasted 00:03:55 (1788 turns).

hikkokomori the Shooter (Barachi Hunter)            Turns: 1788, Time: 00:03:56

Health: 0/29       AC:  3    Str: 12    XL:     3   Next: 62%
Magic:  3/3        EV: 12    Int:  9    God:
Gold:   16         SH:  5    Dex: 17    Spells: 2/2 levels left

rFire   . . .      SeeInvis .   a - +0 shortbow
rCold   . . .      Faith    .   (shield currently unavailable)
rNeg    . . .      Spirit   .   c - +0 leather armour
rPois   .          Reflect  +   (no helmet)
rElec   .          Harm     .   (no cloak)
rCorr   +          Rampage  .   (no gloves)
Will    .....                   (no boots)
Stlth   ++........              i - amulet of reflection
HPRegen 0.09/turn               k - ring of resist corrosion
MPRegen 0.08/turn               (no ring)

@: slow
A: amphibious, slowness 1, strong legs 1, +LOS
a: Hop


You were on level 1 of the Dungeon.
You visited 1 branch of the dungeon, and saw 2 of its levels.

You collected 49 gold pieces.
You spent 33 gold pieces at shops.

Inventory:

Hand Weapons
 a - a +0 shortbow (weapon)
Armour
 c - a +0 leather armour (worn)
Jewellery
 i - an amulet of reflection (around neck)
 k - a ring of resist corrosion (left hand)
 n - an amulet of faith
Scrolls
 b - a scroll of immolation
 l - a scroll of identify
Potions
 d - a potion of heal wounds {unknown}
 e - a potion of lignification {unknown}
 f - a potion of flight
 m - a potion of magic {unknown}
 o - a potion of haste {unknown}


   Skills:
 + Level 3.1 Fighting
 + Level 4.3 Ranged Weapons
 - Level 2.7 Dodging
 + Level 1.8 Stealth


You had 2 spell levels left.
You didn't know any spells.
Your spell library contained the following spells:

 Spells                   Type           Power      Damage    Failure   Level
 Gell's Gravitas          Tloc           0%         N/A       83%         3
 Lesser Beckoning         Tloc           0%         N/A       83%         3
 Teleport Other           Tloc           0%         N/A       83%         3


Dungeon Overview and Level Annotations

Branches:
Dungeon (2/15)

Altars:

Shops:
D:1 *(=*

Annotations:
D:1 Robin


Innate Abilities, Weirdness & Mutations

You are amphibious.
You cover ground slowly.
You can hop short distances.
You have an extended range of vision and can be seen from far away.


Message History

Robin roars a battlecry!
The goblins go into a battle-frenzy!
The hobgoblin hits you. The hobgoblin completely misses you.
There is a stone staircase leading up, spattered with blood here.
Unknown command.
You can't go down here!
Robin hits you with a +0 mace. The hobgoblin hits you.
The goblin hits you with a +0 club. The hobgoblin barely misses you.
You climb upwards.
There is a stone staircase leading down here.
You see here a bat corpse.
Unknown command.
As you read the scroll labelled PEONNE ROEMUETRITH, it crumbles to dust.
It is a scroll of identify.
f - a potion of flight The goblin barely misses you.
Robin hits you with a +0 mace. The hobgoblin barely misses you.
The hobgoblin misses you.
As you read the scroll labelled UGEAQO USTOT, it crumbles to dust.
It is a scroll of amnesia.
You feel forgetful for a moment. The goblin hits you with a +0 club.
* * * LOW HITPOINT WARNING * * *
Robin barely misses you. The hobgoblin barely misses you.
The hobgoblin hits you.
* * * LOW HITPOINT WARNING * * *
Unknown command.
Unknown command.
You feel better. The goblin hits you with a +0 club.
Robin says, "Bow before me, strongest of all the hobgoblins!"
Robin throws the goblin at you! The hobgoblin misses you.
The hobgoblin hits you.
As you read the scroll labelled SINOPI ETIRR, it crumbles to dust.
You hear a loud clanging noise!
It was a scroll of noise.
You block the goblin's attack. Robin hits you with a +0 mace.
* * * LOW HITPOINT WARNING * * *
The hobgoblin barely misses you. The hobgoblin closely misses you.
Unknown command.
Unknown command.
You block the goblin's attack. Robin hits you with a +0 mace.
You die...

#.....# # #.....# # #.....# #
#.....# # #.....# # #.....#
########## #
##)############........# #
#.......)).g>g........## #
##############g@g.........######
#.......# #..................
#.......# #.........).###.###
#(......# ####........# #.# #
#.......# #........# #.#
#.......#########........# #.###
#.................######## #...#
#######...........# ###..
#...........###### ##.


You could see Robin, 2 hobgoblins and a goblin (strong).

Vanquished Creatures
  A dart slug (D:1)
  A ball python (D:1)
  7 endoplasms (D:1)
  A giant cockroach (D:1)
  8 goblins
  6 hobgoblins (D:1)
  2 jackals (D:1)
  2 kobolds (D:1)
  3 bats (D:1)
  A frilled lizard (D:1)
  3 rats (D:1)
35 creatures vanquished.

Notes
Turn   | Place    | Note
-------+----------+-------------------------------------------
     0 | D:1      | hikkokomori the Barachi Hunter began the quest for the Orb.
     0 | D:1      | Reached XP level 1. HP: 17/17 MP: 1/1
    27 | D:1      | Reached skill level 1 in Stealth
    92 | D:1      | Reached XP level 2. HP: 23/23 MP: 2/2
   113 | D:1      | Found a faded altar of an unknown god.
   291 | D:1      | Found Mocsosae's General Store.
   343 | D:1      | Reached XP level 3. HP: 28/28 MP: 3/3
   390 | D:1      | Found Sedetyus's General Store.
   403 | D:1      | Bought a potion of curing for 33 gold pieces
   465 | D:1      | Found Fojulu's Antique Weapon Emporium.
   641 | D:1      | Found Rekkuush's Jewellery Boutique.
   819 | D:2      | Noticed Robin
  1788 | D:1      | Slain by Robin

Illustrated notes

Levels and vault maps discovered:
D:1:      psy_arrival_conway, layout_basic, serial_shops,
          nicolae_shop_competitors_out_of_business, shop, nicolae_square_shop,
          nicolae_shop_advertising_works [nicolae_subvault_shop_adworks],
          ebering_ecumenical_altar_webs
D:2:      layout_basic, uniq_robin, uniq_terence

Skill      XL: |  1  2  3 |
---------------+----------+-----
Stealth        | 1 |  1.8
Fighting       | 3 |  3.1
Ranged Weapons | |  4.3
Dodging        | |  2.7

Action                   || total
-------------------------++-------
 Fire: Shortbow          ||    69
 Abil: Hop               ||     1
  Use: Scroll            ||     3
       Potion            ||     1
Armor: Leather armour    ||    13
Dodge: Dodged            ||    43
Block: Other             ||    12
       Reflection        ||     3
